 Dungeon Crawl Stone Soup version 0.31-a0-263-ge8cad7f256 (webtiles) character file.

Game seed: 7766542155228713975

23 porpoise the Shooter (level 3, -5/22 HPs)
             Began as a Kobold Hunter on July 14, 2023.
             Succumbed to a kobold's poison
             ... on level 1 of the Dungeon.
             The game lasted 00:01:21 (567 turns).

porpoise the Shooter (Kobold Hunter)                 Turns: 567, Time: 00:01:22

Health: -5/22      AC:  3    Str:  8    XL:     3   Next: 10%
Magic:  3/3        EV: 14    Int: 10    God:
Gold:   30         SH:  0    Dex: 20    Spells: 2/2 levels left

rFire   . . .        a - +0 shortbow
rCold   . . .        (shield currently unavailable)
rNeg    . . .        c - +0 leather armour
rPois   .            (no helmet)
rElec   .            (no cloak)
rCorr   .            (no gloves)
SInv    .            (no boots)
Will    .....        (no amulet)
Stlth   +++          (no ring)
HPRegen 0.23/turn    (no ring)
MPRegen 0.08/turn

%: no passive effects
@: lethally poisoned (-5 -> -35)
A: small, no large weapons, nightstalker 3
a: no special abilities


You were on level 1 of the Dungeon.
You visited 1 branch of the dungeon, and saw 1 of its levels.

You collected 30 gold pieces.

Inventory:

Hand Weapons
 a - a +0 shortbow (weapon)
Armour
 c - a +0 leather armour (worn)
Scrolls
 b - a scroll of butterflies
 e - a scroll of teleportation {unknown}
 f - a scroll of fear {unknown}
 g - a scroll of identify {unknown}
 h - a scroll of noise {unknown}
Potions
 d - 3 potions of might {unknown}


   Skills:
 + Level 2.7 Fighting
 * Level 6.1 Ranged Weapons
 - Level 2.4 Dodging
 - Level 1.3 Stealth


You had 2 spell levels left.
You didn't know any spells.
Your spell library was empty.

Dungeon Overview and Level Annotations

Branches:
Dungeon (1/15)

Altars:


Innate Abilities, Weirdness & Mutations

You are small and have problems with some larger weapons.
You are completely attuned to the shadows.


Message History

You enter the shallow water.
Moving in this stuff is going to be slow.
You enter the shallow water.
Moving in this stuff is going to be slow.
You enter the shallow water.
Moving in this stuff is going to be slow.
A kobold and a ball python come into view.
The kobold is wielding a +2 dagger of venom.
Found a scroll labelled UTIMADD MATEAK.
Your line of fire to the kobold is blocked by a plant.
You shoot an arrow. The arrow hits the kobold.
The kobold is moderately wounded.
You shoot an arrow. The arrow hits the ball python.
The ball python is severely wounded.
The ball python barely misses you. The ball python misses you.
You shoot an arrow. The arrow hits the ball python.
You kill the ball python!
The kobold barely misses you.
You shoot an arrow. The arrow closely misses the kobold.
The kobold hits you with a +2 dagger of venom.
You are poisoned.
You shoot an arrow. The arrow closely misses the kobold.
You feel very sick. The kobold misses you.
You shoot an arrow.
The arrow hits the kobold but does no damage.
The kobold is moderately wounded.
You feel sick.
The kobold hits you with a +2 dagger of venom.
You are lethally poisoned!
The kobold hits you with a +2 dagger of venom.
You are more poisoned.
You shoot an arrow. The arrow barely misses the kobold.
* * * LOW HITPOINT WARNING * * *
You feel extremely sick. The kobold hits you but does no damage.
You are more poisoned.
You shoot an arrow. The arrow hits the kobold!
You kill the kobold!
You die...

#.....~~♣♣P♣≈≈~P# #.
#....PP♣PPPP~≈~PP
####. #....~♣~PP.
♣≈P........
#######...~P~~P.P
~≈PP.#####.
#........PP~~PP..
~♣~P.......
#........PP♣~P...
P~P..†.....
#.......PPP~PP###
~~♣~.......
...#.......~PP~~P####
P~~..######
...#.......P~~PP@....
.P~......
...#.......P~P..)....
..PP.....
...#.............####
##.#.######
...#........?....#
#.#.......
.###....... .....#
#.######## .#
#....... ##........
.# #.......
#####.....#####
.#####.#.#+
........)......
..####.#.#
...............


There were no monsters in sight!

Vanquished Creatures
  3 ball pythons (D:1)
  2 endoplasms (D:1)
  A giant cockroach (D:1)
  4 goblins (D:1)
  2 quokkas (D:1)
  3 bats (D:1)
  A frilled lizard (D:1)
  3 kobolds (D:1)
  2 rats (D:1)
21 creatures vanquished.

Notes
Turn   | Place    | Note
-------+----------+-------------------------------------------
     0 | D:1      | porpoise the Kobold Hunter began the quest for the Orb.
     0 | D:1      | Reached XP level 1. HP: 12/12 MP: 1/1
    95 | D:1      | Reached XP level 2. HP: 18/18 MP: 2/2
   321 | D:1      | Reached skill level 6 in Ranged Weapons
   332 | D:1      | Reached XP level 3. HP: 22/22 MP: 3/3
   567 | D:1      | Succumbed to a kobold's poison

Illustrated notes

Levels and vault maps discovered:
D:1:      amcnicky_arrival_feature_with_door, layout_basic, serial_bayou,
          serial_bayou_lagoon_a, serial_bayou_shore_a, serial_bayou_pond_d,
          serial_bayou_crossing, hellmonk_ecumenical_altar_crossroads

Skill      XL: |  1  2 |
---------------+-------+-----
Ranged Weapons | 6 |  6.1
Fighting       | |  2.7
Dodging        | |  2.4
Stealth        | |  1.3

Action                     || total
---------------------------++-------
   Fire: Shortbow          ||    57
 Armour: Leather armour    ||     8
  Dodge: Dodged            ||    19

Table legend: (Time is in decaauts)
 A = Elapsed time spent in this place.
 B = Non-inter-level travel time spent in this place.
 C = Inter-level travel time spent in this place.
 D = Time resting spent in this place.
 E = Time spent auto-exploring this place.
 F = Levels seen in this place.
 G = Mean time per level.
                   A        B        C        D        E       F      G
               +--------+--------+--------+--------+--------+-----+--------+
         Total |    603 |    603 |      0 |     42 |    454 |   1 |  603.0 |
       Dungeon |    603 |    603 |      0 |     42 |    454 |   1 |  603.0 |
               +--------+--------+--------+--------+--------+-----+--------+

Top non-repeatable levels by time:
     D:1: 603 daAuts
